 Dungeon Crawl Stone Soup version 0.31-a0-177-g4aa6249778 (webtiles) character file.

Game seed: 15923950642917928299

280 qw the Shooter (level 6, -1/56 HPs)
             Began as a Naga Hunter on June 18, 2023.
             Slain by a phantom (2 damage)
             ... on level 4 of the Dungeon.
             The game lasted 00:00:49 (2692 turns).

qw the Shooter (Naga Hunter)                        Turns: 2692, Time: 00:00:50

Health: -1/56      AC:  3    Str: 13    XL:     6   Next: 27%
Magic:  6/6        EV:  9    Int:  9    God:
Gold:   148        SH:  0    Dex: 17    Spells: 5/5 levels left

rFire   + . .        Y - +0 shortbow
rCold   . . .        (shield currently unavailable)
rNeg    . . .        c - +0 leather armour
rPois   +            (no helmet)
rElec   .            (no cloak)
rCorr   .            (no gloves)
SInv    +            (no barding)
Will    .....        (no amulet)
Stlth   ++           h - ring of protection from fire
HPRegen 0.29/turn    (no ring)
MPRegen 0.10/turn

%: no passive effects
@: short of breath, very slow
A: AC +2, large, see invisible, deformed body, poison resistance, slowness 2,
spit poison 1, naga tail 1
a: Spit Poison


You were on level 4 of the Dungeon.
You visited 1 branch of the dungeon, and saw 4 of its levels.

You collected 148 gold pieces.


Innate Abilities, Weirdness & Mutations

Your serpentine skin is tough. (AC +2)
You have supernaturally acute eyesight. (SInv)
Armour fits poorly on your strangely shaped body.
Your system is resistant to poisons. (rPois)
You cover ground very slowly.
You can spit poison.
You have a snake-like lower body.


   Skills:
 + Level 3.6 Fighting
 - Level 6.1 Ranged Weapons
 - Level 1.5 Dodging
 - Level 1.5 Stealth


You had 5 spell levels left.
You didn't know any spells.
Your spell library was empty.

Inventory:

Hand Weapons
 Y - a +0 shortbow (weapon)
Armour
 c - a +0 leather armour (worn)
 k - a +0 cloak
Jewellery
 h - a ring of protection from fire (left hand)
 l - a +4 ring of protection
Scrolls
 f - a scroll of identify
Potions
 a - a potion of curing {unknown}
 b - a potion of haste
 d - a potion of mutation {unknown}
 e - a potion of degeneration {unknown}
 g - a potion of invisibility {unknown}
 i - a potion of brilliance {unknown}
 j - a potion of heal wounds {unknown}

Dungeon Overview and Level Annotations

Branches:
Dungeon (4/15)
 Temple: D:4-7

Altars:
Nemelex Xobeh
Yredelemnul

Shops:
D:1 !(


Message History

The splash of poison misses the orc.
The phantom hits you.
The orc hits you with a +2 trident of venom.
You shoot an arrow. The arrow hits the phantom.
The phantom is lightly damaged.
The orc hits you with a +2 trident of venom.
The phantom hits you.
You shoot an arrow. The arrow misses the phantom.
You have got your breath back.
The orc barely misses you.
The endoplasm hits you but does no damage.
The phantom hits you.
2687 ||| INVOKING Spit Poison.
Aiming: Spit Poison (1% risk of failure)
Press: ? - help, Shift-Dir - straight line, f - goblin, p - phantom The splash of poison hits the goblin!
The goblin is poisoned.
You kill the goblin!
The endoplasm hits you but does no damage.
The phantom barely misses you.
The orc hits you with a +2 trident of venom.
You shoot an arrow. The arrow hits the phantom.
The phantom is moderately damaged.
The endoplasm freezes you.
You are frozen.
The phantom hits you. The orc closely misses you.
You shoot an arrow. The arrow barely misses the phantom.
The orc hits you with a +2 trident of venom.
The endoplasm hits you. The phantom completely misses you.
You shoot an arrow. The arrow hits the phantom!
The phantom is heavily damaged.
The orc barely misses you. The phantom hits you. The endoplasm hits you.
You shoot an arrow. The arrow hits the phantom.
The phantom is heavily damaged.
The endoplasm freezes you.
You are frozen.
The phantom barely misses you. The orc hits you but does no damage.
You shoot an arrow. The arrow closely misses the phantom.
The orc hits you with a +2 trident of venom!
The endoplasm freezes you.
You are frozen.
The phantom hits you.
You die...

#.###)..##
####.##...##...#
#......## .....#.### .#
#.....## # ##..#.#
#.....# ...####....#
....[.##............#
......%<....###...######
.##.#[##....# #..###....
.##...# ...# #..#...#
....### ..# #.@W.# ##..#
.# #Jo)## ##..# ......#
#..# #####.# ##.# .# #..
.# .# ..


You could see a phantom, an orc and an endoplasm.

Vanquished Creatures
  A black bear (D:4)
  A jelly (D:4)
  An orc priest (D:3)
  An orc wizard (D:3)
  4 adders
  3 dart slugs
  3 orcs (D:3)
  4 ball pythons
  4 endoplasms
  2 giant cockroaches
  8 goblins
  4 hobgoblins
  2 jackals (D:4)
  8 kobolds
  3 quokkas (D:1)
  6 bats
  2 frilled lizards
  5 rats
62 creatures vanquished.

Notes
Turn   | Place    | Note
-------+----------+-------------------------------------------
     0 | D:1      | qw the Naga Hunter began the quest for the Orb.
     0 | D:1      | Reached XP level 1. HP: 19/19 MP: 1/1
     0 | D:1      | 0 ||| qw: Version: 0.3-a-5-g6f28e65
     0 | D:1      | 0 ||| qw: Game counter: 642
     0 | D:1      | 0 ||| qw: Always use a shield: true
     0 | D:1      | 0 ||| qw: God list: Okawaru
     0 | D:1      | 0 ||| qw: Allow faded altars: false
     0 | D:1      | 0 ||| qw: Do Orc after D:15 true
     0 | D:1      | 0 ||| qw: Do second Lair branch before Depths: true
     0 | D:1      | 0 ||| qw: Lair rune preference: random
     0 | D:1      | 0 ||| qw: Plans: Normal
     0 | D:1      | 0 ||| PLANNING D:1-11
    33 | D:1      | 33 ||| INVOKING Spit Poison.
    38 | D:1      | 38 ||| INVOKING Spit Poison.
    44 | D:1      | 44 ||| INVOKING Spit Poison.
    87 | D:1      | 87 ||| INVOKING Spit Poison.
   121 | D:1      | 121 ||| INVOKING Spit Poison.
   222 | D:1      | Found Foideost's Weapon Shop.
   231 | D:1      | 231 ||| SHOPLISTING +3 sling of flaming (197 gold, have 0).
   241 | D:1      | 241 ||| INVOKING Spit Poison.
   244 | D:1      | Reached skill level 4 in Ranged Weapons
   244 | D:1      | Reached XP level 2. HP: 26/26 MP: 2/2
   266 | D:1      | 266 ||| INVOKING Spit Poison.
   270 | D:1      | 270 ||| INVOKING Spit Poison.
   282 | D:1      | Found Xeijuk's Distillery.
   290 | D:1      | 290 ||| SHOPLISTING 2 potions of curing (84 gold, have 0).
   290 | D:1      | 290 ||| SHOPLISTING 2 potions of mutation (224 gold, have
                  | 0).
   290 | D:1      | 290 ||| SHOPLISTING potion of curing (42 gold, have 0).
   290 | D:1      | 290 ||| SHOPLISTING potion of haste (140 gold, have 0).
   290 | D:1      | 290 ||| SHOPLISTING potion of heal wounds (70 gold, have
                  | 0).
   301 | D:1      | 301 ||| INVOKING Spit Poison.
   304 | D:1      | 304 ||| INVOKING Spit Poison.
   317 | D:1      | 317 ||| INVOKING Spit Poison.
   352 | D:1      | 352 ||| INVOKING Spit Poison.
   366 | D:1      | 366 ||| INVOKING Spit Poison.
   414 | D:1      | 414 ||| INVOKING Spit Poison.
   431 | D:1      | 431 ||| INVOKING Spit Poison.
   438 | D:1      | 438 ||| INVOKING Spit Poison.
   508 | D:1      | 508 ||| INVOKING Spit Poison.
   827 | D:1      | 827 ||| UPGRADING to ring of protection from fire.
   828 | D:1      | 828 ||| READING scroll labelled APEOHU QUPHAE.
   929 | D:1      | 929 ||| READING 2 scrolls labelled PUEZYM AFISK.
   930 | D:1      | 930 ||| DROPPING scroll of butterflies.
   970 | D:2      | 970 ||| INVOKING Spit Poison.
   971 | D:2      | Reached XP level 3. HP: 32/32 MP: 3/3
  1008 | D:2      | 1008 ||| INVOKING Spit Poison.
  1013 | D:2      | 1013 ||| INVOKING Spit Poison.
  1030 | D:2      | 1030 ||| INVOKING Spit Poison.
  1036 | D:2      | 1036 ||| INVOKING Spit Poison.
  1041 | D:2      | 1041 ||| INVOKING Spit Poison.
  1042 | D:2      | 1042 ||| INVOKING Spit Poison.
  1117 | D:2      | 1117 ||| INVOKING Spit Poison.
  1120 | D:2      | 1120 ||| INVOKING Spit Poison.
  1129 | D:2      | 1129 ||| INVOKING Spit Poison.
  1144 | D:2      | Found a faded altar of an unknown god.
  1196 | D:2      | 1196 ||| INVOKING Spit Poison.
  1374 | D:2      | 1374 ||| READING scroll labelled ETUCOK RUEP.
  1479 | D:3      | 1479 ||| INVOKING Spit Poison.
  1484 | D:3      | 1484 ||| INVOKING Spit Poison.
  1587 | D:3      | 1587 ||| INVOKING Spit Poison.
  1594 | D:3      | 1594 ||| INVOKING Spit Poison.
  1599 | D:3      | 1599 ||| INVOKING Spit Poison.
  1600 | D:3      | 1600 ||| INVOKING Spit Poison.
  1604 | D:3      | Reached skill level 5 in Ranged Weapons
  1604 | D:3      | Reached XP level 4. HP: 14/39 MP: 4/4
  1604 | D:3      | 1604 ||| INVOKING Spit Poison.
  1608 | D:3      | 1608 ||| INVOKING Spit Poison.
  1809 | D:3      | Found a basalt altar of Yredelemnul.
  1822 | D:3      | 1822 ||| INVOKING Spit Poison.
  1915 | D:3      | 1915 ||| INVOKING Spit Poison.
  1937 | D:3      | Reached XP level 5. HP: 48/48 MP: 5/5
  2107 | D:3      | 2107 ||| INVOKING Spit Poison.
  2183 | D:3      | 2183 ||| READING scroll labelled JUALEN EGECSEA.
  2207 | D:4      | Found a sparkling altar of Nemelex Xobeh.
  2219 | D:4      | 2219 ||| INVOKING Spit Poison.
  2229 | D:4      | HP: 7/48 [acid (8)]
  2232 | D:4      | Reached skill level 3 in Fighting
  2331 | D:4      | 2331 ||| INVOKING Spit Poison.
  2477 | D:4      | 2477 ||| INVOKING Spit Poison.
  2494 | D:4      | 2494 ||| INVOKING Spit Poison.
  2531 | D:4      | Noticed a black bear
  2532 | D:4      | 2532 ||| INVOKING Spit Poison.
  2536 | D:4      | 2536 ||| INVOKING Spit Poison.
  2536 | D:4      | Killed a black bear
  2537 | D:4      | Reached skill level 6 in Ranged Weapons
  2537 | D:4      | Reached XP level 6. HP: 28/56 MP: 6/6
  2657 | D:4      | 2657 ||| INVOKING Spit Poison.
  2664 | D:4      | 2664 ||| INVOKING Spit Poison.
  2669 | D:4      | 2669 ||| INVOKING Spit Poison.
  2684 | D:4      | 2684 ||| INVOKING Spit Poison.
  2687 | D:4      | 2687 ||| INVOKING Spit Poison.
  2691 | D:4      | HP: 13/56 [frozen (4)]
  2692 | D:4      | HP: 5/56 [orc/+2 trident of venom (8)]
  2692 | D:4      | HP: 1/56 [frozen (4)]
  2692 | D:4      | Slain by a phantom

Levels and vault maps discovered:
D:1:      nagdon_arrival_zigzag_paths, layout_basic, serial_shops,
          nicolae_shop_bloodbath_and_beyond, shop, minmay_misc_feat_roman,
          minivault_5
D:2:      layout_rooms, hellmonk_ecumenical_altar_run_dry
D:3:      layout_basic, mainiacjoe_overflow_concentric_impassable
D:4:      layout_rooms, mainiacjoe_overflow_small_starburst,
          kennysheep_generic_room_4

Skill      XL: |  1  2  3  4  5 |
---------------+----------------+-----
Ranged Weapons | 4 5 6 |  6.1
Fighting       | 3 |  3.6
Dodging        | |  1.5
Stealth        | |  1.5

Action                     |  1- 3 |  4- 6 || total
---------------------------+-------+-------++-------
   Fire: Shortbow          |    77 |    55 ||   132
Ability: Spit Poison       |    32 |    16 ||    48
    Use: Scroll            |     3 |     1 ||     4
 Armour: Leather armour    |     6 |     8 ||    14
  Dodge: Dodged            |    29 |    18 ||    47

Table legend:
 A = Non-vault XP
 B = Vault XP
 C = Vault XP percentage of total XP
 D = Non-vault monster count
 E = Vault monster count
 F = Vault count percentage of total count
                 A         B        C        D         E       F
            +---------+---------+-------+---------+---------+-------
      Total |     401 |       0 |   0.0 |      62 |       0 |   0.0
            +---------+---------+-------+---------+---------+-------
        D:1 |      32 |       0 |   0.0 |      20 |       0 |   0.0
        D:2 |      31 |       0 |   0.0 |      12 |       0 |   0.0
        D:3 |     103 |       0 |   0.0 |      15 |       0 |   0.0
        D:4 |     235 |       0 |   0.0 |      15 |       0 |   0.0
            +---------+---------+-------+---------+---------+-------
